 Dungeon Crawl Stone Soup version 0.17.2-1-ge4368a0 (webtiles) character file.

9 Goblin1989 the Insei (level 2, 0/24 HPs)
             Began as a Demonspawn Monk on Nov 27, 2017.
             Slain by a gnoll
             ... wielding a cursed -2 flail
              (11 damage)
             ... on level 2 of the Dungeon.
             The game lasted 00:00:54 (478 turns).

Goblin1989 the Insei (Demonspawn Monk)               Turns: 478, Time: 00:00:54

Health: 0/24       AC:  2    Str: 11    XL:     2   Next: 6%
Magic:  2/2        EV: 13    Int: 11    God:
Gold:   8          SH:  0    Dex: 15    Spells: 0 memorised, 1 level left

rFire  . . .     SeeInvis .       - Unarmed
rCold  . . .     Clarity  .     a - +0 robe
rNeg   . . .     SustAt   .     (no shield)
rPois  .         Gourm    .     (helmet restricted)
rElec  .         Spirit   .     (no cloak)
rCorr  .         Warding  .     (no gloves)
rMut   .         Stasis   .     (no boots)
MR     .....                    (no amulet)
Stlth  ++........               (no ring)
                                (no ring)

@: not resistant to hostile enchantments, unstealthy
A: horns 1
a: no special abilities


You were on level 2 of the Dungeon.
You were not hungry.

You visited 1 branch of the dungeon, and saw 2 of its levels.

You collected 8 gold pieces.

Inventory:

Hand Weapons
 d - a +0 club
Armour
 a - a +0 robe (worn)
Jewellery
 b - a cursed amulet of inaccuracy {unknown}
 f - a ring of invisibility {unknown}
Scrolls
 c - a scroll of teleportation {unknown}
 g - a scroll of fear {unknown}
Comestibles
 e - a bread ration {@e1}


   Skills:
 + Level 3.0 Fighting
 - Level 2.6 Dodging
 - Level 1.7 Stealth
 * Level 4.0 Unarmed Combat


You had one spell level left.
You didn't know any spells.

Dungeon Overview and Level Annotations

Branches:
Dungeon (2/15)

Altars:


Innate Abilities, Weirdness & Mutations

You have a pair of small horns on your head.


Message History

Unknown command.
You see here a club.
You see here a club.
d - a club
f - an emerald ring You see here a hand axe.
g - a scroll labeled QEILU LALAD HP restored.
A hobgoblin comes into view. It is wielding a club.
The hobgoblin shouts!
Health restored: 24 You barely miss the hobgoblin.
Your headbutt misses the hobgoblin. The hobgoblin misses you.
You hit the hobgoblin. Your headbutt misses the hobgoblin.
The hobgoblin is moderately wounded.
The hobgoblin hits you with a club.
You take 4 damage, and have 20/24 hp.
You closely miss the hobgoblin.
The hobgoblin is moderately wounded.
The hobgoblin misses you.
You closely miss the hobgoblin. You headbutt the hobgoblin.
You kill the hobgoblin!
No target in view!
No target in view!
No target in view!
No target in view!
No target in view!
No target in view!
No target in view!
No target in view!
No target in view!
No target in view!
No target in view!
No target in view!
No target in view!
No target in view!
No target in view!
No target in view!
No target in view!
No target in view!
No target in view!
No target in view!
Unknown command.
A kobold comes into view.
A kobold is nearby!
A kobold is nearby!
The kobold shouts!
You hear a shout!
The kobold throws a stone.
The stone hits you but does no damage.
The kobold throws a stone.
The stone barely misses you.
A gnoll comes into view. It is wielding a flail.
The kobold barely misses you.
You hit the gnoll.
The gnoll is moderately wounded.
The kobold hits you but does no damage. The gnoll hits you with a flail!
You hit the gnoll.
You headbutt the gnoll, but do no damage.
The gnoll is heavily wounded.
The kobold hits you. The gnoll hits you with a flail!
* * * LOW HITPOINT WARNING * * *
You are too injured to fight recklessly!
You are too injured to fight recklessly!
You are too injured to fight recklessly!
You take 19 damage, and have 3/24 hp.
O_OOPS!!
MASSIVE DAMAGE!!
You are too injured to fight recklessly!
You are too injured to fight recklessly!
You are too injured to fight recklessly!
You are too injured to fight recklessly!
You are too injured to fight recklessly!
You are too injured to fight recklessly!
You are too injured to fight recklessly!
You are too injured to fight recklessly!
You are too injured to fight recklessly!
You are too injured to fight recklessly!
You are too injured to fight recklessly!
You are too injured to fight recklessly!
You are too injured to fight recklessly!
You are too injured to fight recklessly!
You are too injured to fight recklessly!
You are too injured to fight recklessly!
You are too injured to fight recklessly!
The kobold throws a stone.
The stone barely misses you.
There is a stone staircase leading down here.
You climb downwards.
There is a stone staircase leading up here.
You start resting.
HP restored.
Health restored: 24 You climb upwards.
The gnoll hits you with a flail.
The kobold throws a stone.
The stone hits you.
There is a stone staircase leading down here.
You see here a stone.
You take 8 damage, and have 16/24 hp.
O_OOPS!!
MASSIVE DAMAGE!!
Unknown command.
The gnoll hits you with a flail.
You climb downwards.
There is a stone staircase leading up here.
You take 5 damage, and have 11/24 hp.
O_OOPS!!
MASSIVE DAMAGE!!
Unknown command.
You barely miss the gnoll. The gnoll hits you with a flail!
You die... █████ █.g@█ █.███ █

You could see a gnoll.

Vanquished Creatures
  An ooze (D:1)
  A bat (D:1)
  A goblin (D:1)
  A hobgoblin (D:1)
  A giant newt (D:1)
5 creatures vanquished.

Notes
Turn   | Place    | Note
--------------------------------------------------------------
     0 | D:1      | Goblin1989 the Demonspawn Monk began the quest for the Orb.
     0 | D:1      | Reached XP level 1. HP: 18/18 MP: 1/1
   137 | D:1      | Reached skill level 4 in Unarmed Combat
   137 | D:1      | Gained mutation: You have a pair of small horns on your head. [demonic ancestry]
   137 | D:1      | Reached XP level 2. HP: 21/24 MP: 2/2
   478 | D:2      | Slain by a gnoll

Action                   || total
-------------------------++-------
Melee: Unarmed           ||    25

Vault maps used:
D:1:      eino_arrival_water_cross
D:2:      nemelex_xobeh_ov_fountains_minmay, first_bread
